Kradschützen Motorcycle Team
Construct Light Support Kompanie
Construct Mechanized Kompanie
Marder III Tank Destroyer
Marder III Tank Destroyer
Construct Panzerarmee Kommand
Selects Armored Support Battlegroup
Marder III Tank Destroyer
Marder III Tank Destroyer
Selects Stuka Anti-tank Loiter
Marder III Tank Destroyer
Marder III Tank Destroyer
Marder III Tank Destroyer
Marder III Tank Destroyer
Selects Flammpanzer III Medium Tank
Selects Command Panzer IV F Medium Tank
Marder III Tank Destroyer
Marder III Tank Destroyer
Marder III Tank Destroyer
Command Panzer IV F Medium Tank
Marder III Tank Destroyer